 Dungeon Crawl Stone Soup version 0.29.1-15-g9cfb28693d (webtiles) character file.

Game seed: 9217618748220012123

486 DemonSlayer the Digger (level 6, 0/41 HPs)
             Began as a Demonspawn Earth Elementalist on Feb 25, 2023.
             Slain by a gnoll
             ... wielding a +0 halberd
             ... led by a gnoll bouda
              (12 damage)
             ... on level 5 of the Dungeon.
             The game lasted 00:08:21 (4052 turns).

DemonSlayer the Digger (DsEE)                       Turns: 4052, Time: 00:08:21

Health: 0/41       AC:  3    Str: 10    XL:     6   Next: 89%
Magic:  9/12       EV: 11    Int: 19    God:
Gold:   135        SH:  0    Dex: 13    Spells: 3/13 levels left

rFire   . . .      SeeInvis .   c - +0 dagger
rCold   . . .      Faith    .   (no shield)
rNeg    . . .      Spirit   .   l - +0 leather armour
rPois   .          Reflect  .   (no helmet)
rElec   .          Harm     .   (no cloak)
rCorr   .          Rampage  .   (no gloves)
Will    .....                   (no boots)
Stlth   ++........              (no amulet)
HPRegen 0.13/turn               (no ring)
MPRegen 0.13/turn               (no ring)

@: about to teleport, weakened
A: foul stench 2, big brain 1, demonic touch 2
a: no special abilities


You were on level 5 of the Dungeon.
You visited 1 branch of the dungeon, and saw 5 of its levels.

You collected 174 gold pieces.
You spent 39 gold pieces at shops.

Inventory:

Hand Weapons
 c - a +0 dagger (weapon)
Armour
 l - a +0 leather armour (worn)
Wands
 h - a wand of roots (18)
 o - a wand of light (7)
Scrolls
 a - 3 scrolls of teleportation
 d - a scroll of vulnerability
 j - a scroll of noise {unknown}
 k - a scroll of immolation {unknown}
 n - 3 scrolls of blinking {unknown}
 p - a scroll of enchant armour {unknown}
 r - a scroll of fear {unknown}
 s - a scroll of magic mapping {unknown}
Potions
 b - a potion of magic
 e - 2 potions of might
 f - a potion of haste {unknown}
 g - 3 potions of curing
 i - a potion of attraction
 m - a potion of berserk rage {unknown}
 q - a potion of degeneration {unknown}


   Skills:
 + Level 0.1 Fighting
 + Level 0.1 Short Blades
 + Level 1.5 Armour
 + Level 2.0 Dodging
 + Level 2.5 Stealth
 + Level 4.4 Spellcasting
 + Level 0.8 Transmutations
 + Level 5.1 Earth Magic


You had 3 spell levels left.
You knew the following spells:

 Your Spells              Type           Power      Damage    Failure   Level
a - Sandblast             Erth           46%        2d11      1%          1
b - Passwall              Tmut/Erth      12%        N/A       8%          2
c - Stone Arrow           Conj/Erth      28%        3d8       19%         3
d - Petrify               Tmut/Erth      15%        N/A       45%         4

Your spell library contained the following spells:

 Spells                   Type           Power      Damage    Failure   Level
 Poisonous Vapours        Pois/Air       8%         N/A       26%         2
 Gell's Gravitas          Tloc           4%         N/A       45%         3
 Lesser Beckoning         Tloc           4%         N/A       45%         3
 Teleport Other           Tloc           4%         N/A       45%         3
 Corpse Rot               Necr/Pois/Air  4%         N/A       86%         4


Dungeon Overview and Level Annotations

Branches:
Dungeon (5/15)
 Temple: D:4-7

Altars:

Shops:
D:2 *   D:5 !:[

Annotations:
D:3 Grinder


Innate Abilities, Weirdness & Mutations

You sometimes emit foul miasma when damaged in melee.
You have an unusually large brain. (Int +2)
Your touch may inflict irresistible damage on your foes.


Message History

You open the door.
There is an open door here.
Found 4 stones.
s - a scroll labelled NYCECILAAH No target in view!
You pick up a book of Displacement and begin reading...
You add the spells Lesser Beckoning, Gell's Gravitas and Teleport Other to your library.
You open the door.
A gnoll bouda and 2 gnolls come into view.
The gnoll bouda shouts!
There are monsters nearby!
There are monsters nearby!
There are monsters nearby!
The gnoll bouda barks out a call to the hunt!
You hear a shout! x2
The blast of sand misses the gnoll bouda.
The blast of sand hits the gnoll.
The gnoll is heavily wounded.
The gnoll bouda gazes fiercely through you!
You feel your attacks grow feeble.
The blast of sand hits the gnoll bouda!
The gnoll bouda is heavily wounded.
The gnoll barely misses you.
The gnoll bouda hits you with a +0 whip.
The gnoll hits you from afar with a +0 halberd!
The blast of sand hits the gnoll bouda!
The gnoll bouda is severely wounded.
The gnoll shouts!
The gnoll bouda hits you with a +0 whip.
A gnoll comes into view.
It is wielding a +1 flail of protection.
The gnoll hits you from afar with a +0 halberd!
* * * LOW HITPOINT WARNING * * *
The gnoll bouda gazes fiercely through you!
You feel as though you will be weak longer.
The gnoll bouda barely misses you.
The gnoll moves out of view.
As you read the scroll of teleportation, it crumbles to dust.
You feel strangely unstable.
A gnoll comes into view. It is wielding a +0 club.
The gnoll hits you from afar with a +0 halberd!
You die...

.... ######g####+###
#..............
#..............
+..............
###...g.##################
###.....###...#...(.......
.........g....#...........
.....(..g.g@..#..........#
...............#..........#
...............#..........#
..............'..........#
........#######..........#
........#................#
####+#####............#####
#.....................#
#.....................#


You could see a gnoll bouda and 3 gnolls.

Vanquished Creatures
  An ogre (D:4)
  A necrophage (D:4)
  2 scorpions (D:4)
  A hound (D:4)
  Jessica (D:3)
  An orc wizard (D:5)
  3 gnolls (D:4)
  3 adders
  An ufetubus (D:4)
  2 dart slugs (D:3)
  9 orcs
  9 bats
  3 endoplasms
  5 giant cockroaches
  2 goblins
  4 hobgoblins
  4 kobolds
  4 quokkas
  5 ball pythons
  3 frilled lizards
  7 rats
71 creatures vanquished.

Vanquished Creatures (others)
  A fungus (D:1)
  A plant (D:4)
2 creatures vanquished.

Grand Total: 73 creatures vanquished

Notes
Turn   | Place    | Note
-------+----------+-------------------------------------------
     0 | D:1      | DemonSlayer the Demonspawn Earth Elementalist began the
                  | quest for the Orb.
     0 | D:1      | Reached XP level 1. HP: 13/13 MP: 3/3
   285 | D:1      | Reached skill level 3 in Earth Magic
   553 | D:1      | Gained mutation: You may rarely emit foul miasma when
                  | damaged in melee. [demonic ancestry]
   553 | D:1      | Reached XP level 2. HP: 19/19 MP: 3/5
   621 | D:1      | Found a faded altar of an unknown god.
   762 | D:1      | Learned a level 2 spell: Passwall
  1019 | D:2      | Found Poekluo's General Store.
  1057 | D:2      | Bought a potion of curing for 39 gold pieces
  1205 | D:2      | Gained mutation: Your touch may inflict minor irresistible
                  | damage on your foes. [demonic ancestry]
  1205 | D:2      | Reached XP level 3. HP: 24/24 MP: 6/6
  1786 | D:2      | Learned a level 3 spell: Stone Arrow
  2029 | D:3      | Noticed Jessica
  2041 | D:3      | Killed Jessica
  2042 | D:3      | Gained mutation: You sometimes emit foul miasma when
                  | damaged in melee. [demonic ancestry]
  2042 | D:3      | Reached XP level 4. HP: 30/30 MP: 3/8
  2219 | D:3      | Noticed Grinder
  2545 | D:4      | Reached skill level 4 in Earth Magic
  2659 | D:4      | Gained mutation: You have an unusually large brain. (Int
                  | +2) [demonic ancestry]
  2659 | D:4      | Reached XP level 5. HP: 30/35 MP: 2/9
  2854 | D:4      | Reached skill level 1 in Armour
  2857 | D:4      | Gained mutation: Your touch may inflict irresistible damage
                  | on your foes. [demonic ancestry]
  2857 | D:4      | Reached XP level 6. HP: 20/41 MP: 3/11
  3317 | D:4      | Reached skill level 5 in Earth Magic
  3368 | D:4      | Learned a level 4 spell: Petrify
  3824 | D:5      | Entered Level 5 of the Dungeon
  3824 | D:5      | Found Tinyt's Armour Emporium.
  3976 | D:5      | Found Ruestreg's Distillery.
  3980 | D:5      | Found Liojy's Book Emporium.
  4052 | D:5      | Slain by a gnoll

Illustrated notes

Levels and vault maps discovered:
D:1:      lightli_arrival_flooded_house, layout_rooms,
          shapermc_ecumenical_altar_gd, minivault_4, corexii_hall_statues_x,
          corexii_item_surrounded_by_moat
D:2:      layout_basic, serial_shops, nicolae_shop_stone, feat_on_display
D:3:      layout_loops_ring, serial_shops, shop, grunt_ministairs_8,
          uniq_grinder, uniq_jessica
D:4:      layout_basic, serial_bayou_crossing
D:5:      layout_gridville, minmay_temple_entry_poolview, serial_shops,
          nicolae_square_shop, nicolae_stop_n_shop_2, nicolae_shop_stone

Skill      XL: |  1  2  3  4  5  6 |
---------------+-------------------+-----
Earth Magic    | 3 4 5 |  5.1
Stealth        | 2 |  2.5
Spellcasting   | 3 4 |  4.4
Armour         | 1 |  1.5
Dodging        | 2 |  2.0
Fighting       | |  0.1
Short Blades   | |  0.1
Transmutations | |  0.8

Action                   |  1- 3 |  4- 6 || total
-------------------------+-------+-------++-------
Melee: Dagger            |    13 |     6 ||    19
       Touch             |     1 |     1 ||     2
 Cast: Sandblast         |    50 |    61 ||   111
  Use: Scroll            |     2 |     3 ||     5
 Stab: Sleeping          |     2 |     1 ||     3
Armor: Robe              |    11 |       ||    11
       Leather armour    |     4 |     4 ||     8
Dodge: Dodged            |    25 |    26 ||    51
